 Dungeon Crawl Stone Soup version 0.14-a0-1844-g8283a67 (webtiles) character file.

243 Kae the Insei (level 4, -1/35 HPs)
             Began as a Draconian Transmuter on Jan 12, 2014.
             Slain by an ogre
             ... wielding a +0,+0 giant club
              (4 damage)
             ... on Level 3 of the Dungeon.
             The game lasted 00:03:04 (3022 turns).

Kae the Insei (Draconian Transmuter)                Turns: 3022, Time: 00:03:04

HP  -1/35        AC  5     Str 12      XL: 4   Next: 72%
MP   7/7         EV 12     Int 16      God:
Gold 125         SH  0     Dex 12      Spells:  1 memorised,  6 levels left

rFire  . . .     SeeInvis .       - Unarmed
rCold  + . .     Clarity  .     (armour unavailable)
rNeg   . . .     Conserve .     (no shield)
rPois  .         rCorr    .     (helmet restricted)
rElec  .         rRot     .     (no cloak)
SustAb . .       Spirit   .     (no gloves)
rMut   .         Warding  .     (no boots)
Saprov . . .     Stasis   .     (no amulet)
                                j - ring of protection from cold
                                g - +2 ring of intelligence

@: slightly resistant to hostile enchantments, unstealthy
A: unfitting armour, AC +5
a: no special abilities


You were on level 3 of the Dungeon.
You were hungry.

You visited 1 branch of the dungeon, and saw 3 of its levels.

You collected 125 gold pieces.

Inventory:

Missiles
 b - 32 arrows
Comestibles
 a - a bread ration
 p - an apple
Scrolls
 e - a scroll of immolation {unknown}
 f - 2 scrolls of identify
 i - 2 scrolls of recharging
 l - a scroll of curse armour {unknown}
 m - 2 scrolls of remove curse {unknown}
 o - a scroll of teleportation {unknown}
Jewellery
 g - a +2 ring of intelligence (left hand)
 j - a ring of protection from cold (right hand)
Potions
 c - 2 potions of heal wounds {unknown}
 h - a potion of restore abilities
 k - a potion of agility {unknown}
 n - a potion of paralysis {unknown}
Books
 d - a book of Changes

   Spells                             Type                      Level
   *Beastly Appendage                 Transmutation                1
   Sticks to Snakes                   Transmutation                2
   Spider Form                        Transmutation/Poison         3
   Ice Form                           Ice/Transmutation            4
   Blade Hands                        Transmutation                5


   Skills:
 - Level 1.1 Fighting
 - Level 1.7 Dodging
 * Level 4.8 Unarmed Combat
 - Level 2.0 Spellcasting
 + Level 3.2 Transmutations


You had 6 spell levels left.
You knew the following spells:

 Your Spells              Type           Power        Failure   Level  Hunger
a - Beastly Appendage     Trmt           ##....       8%          1    #......


Dungeon Overview and Level Annotations

Branches:
Dungeon (3/16)

Altars:
Trog


Message History

The ogre is heavily wounded.
The ogre misses you.
You hit the ogre but do no damage.
Your tail-slap misses the ogre.
The ogre is heavily wounded.
You barely miss the ogre.
The ogre is heavily wounded.
The ogre closely misses you.
You hit the ogre. Your punch misses the ogre.
The ogre is heavily wounded.
The ogre hits you with a giant club!
* * * LOW HITPOINT WARNING * * *
You are too injured to fight recklessly!
You are too injured to fight recklessly!
You are too injured to fight recklessly!
You see here a hobgoblin corpse.
You see here a stone.
Read which item? (? for menu, Esc to quit)
Okay, then.
The ogre hits you with a giant club.
You die...

#.###############..####
#......................
#......................
#......................
#................(.....
#......................
#......................
#......................
#.....@O.......))##.#..
#.<..............#.##.)
#................##.#..
#................#.##..
#......................
#......................
#.##########...........
#.######## #...........
#........♣ ♣♣♣.........


You could see an ogre.

Vanquished Creatures
  A worker ant (D:2)
  3 adders (D:2)
  A giant mite (D:2)
  A worm (D:2)
  An ooze (D:1)
  An orc (D:3)
  3 bats
  4 giant cockroaches
  9 goblins
  9 hobgoblins
  2 jackals (D:1)
  A ball python (D:3)
  2 giant geckos (D:1)
  2 giant newts
  8 kobolds
  11 rats
59 creatures vanquished.

Vanquished Creatures (others)
  A goblin (D:2)
1 creature vanquished.

Grand Total: 60 creatures vanquished

Notes
Turn   | Place    | Note
--------------------------------------------------------------
     0 | D:1      | Kae, the Draconian Transmuter, began the quest for the Orb.
     0 | D:1      | Reached XP level 1. HP: 16/16 MP: 3/3
   142 | D:1      | Reached XP level 2. HP: 18/23 MP: 4/4
  1264 | D:2      | Reached skill level 4 in Unarmed Combat
  1264 | D:2      | Reached XP level 3. HP: 19/28 MP: 6/6
  2071 | D:2      | Reached XP level 4. HP: 31/35 MP: 7/7
  2437 | D:2      | Found a bloodstained altar of Trog.
  2994 | D:3      | Noticed an ogre
  3006 | D:3      | HP: 1/35 [ogre/giant club (16)]
  3022 | D:3      | Slain by an ogre

Action                   |  1- 3 |  4- 6 || total
-------------------------+-------+-------++-------
Melee: Unarmed           |   188 |    71 ||   259
 Cast: Beastly Appendage |    11 |     5 ||    16
  Use: Scroll            |     3 |       ||     3
 Stab: Sleeping          |       |     1 ||     1
